 Dungeon Crawl Stone Soup version 0.17-a0-1184-gb75be8f (webtiles) character file.

82 Fluffy the Slasher (level 4, -2/34 HPs)
             Began as a Demonspawn Gladiator on June 1, 2015.
             Shot with a silver sling bullet by a goblin (6 damage)
             ... led by Robin
             ... on level 2 of the Dungeon.
             The game lasted 00:02:43 (1424 turns).

Fluffy the Slasher (Demonspawn Gladiator)           Turns: 1424, Time: 00:02:44

Health: -2/34      AC:  8    Str: 16    XL:     4   Next: 21%
Magic:  4/4        EV: 12    Int:  9    God:
Gold:   94         SH:  0    Dex: 14    Spells: 0 memorised, 3 levels left

rFire  . . .     SeeInvis +     a - +0 long sword
rCold  . . .     Clarity  .     k - +0 ring mail
rNeg   . . .     SustAt   .     (no shield)
rPois  .         Gourm    .     c - +0 helmet
rElec  .         Spirit   .     (no cloak)
rCorr  .         Warding  .     (no gloves)
rMut   .         Stasis   .     (no boots)
MR     .....                    (no amulet)
Stlth  +.........               (no ring)
                                g - ring of see invisible

@: not resistant to hostile enchantments, very unstealthy
A: thin metallic scales 1
a: no special abilities


You were on level 2 of the Dungeon.
You were not hungry.

You visited 1 branch of the dungeon, and saw 2 of its levels.

You collected 94 gold pieces.

Inventory:

Hand weapons
 a - a +0 long sword (weapon)
Missiles
 d - 3 throwing nets (quivered)
Armour
 c - a +0 helmet (worn)
 k - a +0 ring mail (worn)
Jewellery
 g - a ring of see invisible (left hand)
Magical devices
 r - a wand of random effects (33)
Scrolls
 b - a scroll of amnesia {unknown}
 f - a scroll of remove curse {unknown}
 n - 2 scrolls of fear {unknown}
 o - a scroll of magic mapping {unknown}
 p - 3 scrolls of identify {unknown}
Potions
 h - a potion of resistance {unknown}
 j - 2 potions of heal wounds {unknown}
 l - a potion of agility {unknown}
 q - a potion of haste {unknown}
Comestibles
 e - a bread ration
 i - 2 beef jerkies
 m - 2 meat rations


   Skills:
 + Level 2.6 Fighting
 + Level 3.4 Long Blades
 - Level 1.7 Throwing
 + Level 1.5 Armour
 + Level 3.1 Dodging


You had 3 spell levels left.
You didn't know any spells.

Dungeon Overview and Level Annotations

Branches:
Dungeon (2/15)

Altars:


Innate Abilities, Weirdness & Mutations

You are partially covered in thin metallic scales (AC +2).


Message History

The goblin hits you with a club.
* * * LOW HITPOINT WARNING * * *
The goblin shoots a silver sling bullet.
The silver sling bullet misses you.
You closely miss the goblin. The goblin barely misses you.
The goblin shoots a silver sling bullet.
The silver sling bullet hits you but does no damage.
The silver sears you!
You barely miss the goblin. The goblin hits you but does no damage.
You slash the goblin!
You kill the goblin!
The goblin hits you but does no damage.
The goblin shoots a silver sling bullet.
The silver sling bullet hits you.
* * * LOW HITPOINT WARNING * * *
The silver sears you! The goblin misses you.
You miss the goblin.
The goblin shoots a silver sling bullet.
The silver sling bullet hits you.
You die...

..........##...#.###
#...........+...+.#
.###..........##...#.#
..............##...#..
......##......##.....#
.....................#
.....................###
........).g.......#....#
g ..#@#.........#.....


gg. #g#.#..)....#..... ....'###g=...)........### .....g.)...####..........
...............#......#.. ...............#(.....+.. ...............#......#..
......................... ..##..................... You could see 3 goblins.

Vanquished Creatures
  Terence (D:2)
  Robin (D:2)
  A worm (D:2)
  A giant gecko (D:1)
  5 bats
  5 hobgoblins
  3 jackals (D:2)
  2 giant cockroaches
  A giant newt (D:1)
  12 goblins
  7 kobolds
  3 rats (D:1)
42 creatures vanquished.

Notes
Turn   | Place    | Note
--------------------------------------------------------------
     0 | D:1      | Fluffy the Demonspawn Gladiator began the quest for the Orb.
     0 | D:1      | Reached XP level 1. HP: 16/16 MP: 1/1
   230 | D:1      | Gained mutation: You are partially covered in thin metallic scales (AC +2). [demonic ancestry]
   230 | D:1      | Reached XP level 2. HP: 4/22 MP: 2/2
   656 | D:1      | Reached skill level 3 in Long Blades
   880 | D:1      | Reached skill level 1 in Armour
  1007 | D:2      | Reached XP level 3. HP: 15/28 MP: 3/3
  1278 | D:2      | Noticed Terence
  1295 | D:2      | Killed Terence
  1390 | D:2      | Noticed Robin
  1403 | D:2      | Killed Robin
  1403 | D:2      | Reached XP level 4. HP: 27/34 MP: 4/4
  1424 | D:2      | Shot with a silver sling bullet by a goblin

Vault maps used:
D:1:      dpeg_arrival_renting, serial_park_tiny_2, st_stairs_13,
          minmay_crystal_water, minmay_misc_feat_secret_circle
D:2:      kennysheep_big_flooded_room, led_sif_pool, kennysheep_generic_room_10,
          uniq_robin, uniq_terence

Action                   |  1- 3 |  4- 6 || total
-------------------------+-------+-------++-------
Melee: Long sword        |   129 |    18 ||   147
  Eat: Chunk             |     2 |       ||     2
